 Dungeon Crawl Stone Soup version 0.21.1-1-g345015f (webtiles) character file.

128 xccam the Cudgeler (level 5, 0/43 HPs)
             Began as a Gnoll Wanderer on Mar 15, 2018.
             Killed from afar by an orc wizard (11 damage)
             ... with a puff of flame
             ... on level 3 of the Dungeon.
             The game lasted 00:05:38 (1824 turns).

xccam the Cudgeler (Gnoll Wanderer)                 Turns: 1824, Time: 00:05:39

Health: 0/43       AC:  5    Str: 14    XL:     5   Next: 11%
Magic:  4/9        EV: 12    Int: 17    God:
Gold:   150        SH:  0    Dex: 13    Spells: 6/10 levels left

rFire    . . .     SeeInvis .   a - +2 mace
rCold    . . .     Gourm    .   (no shield)
rNeg     . . .     Faith    .   d - +0 robe
rPois    .         Spirit   .   r - +0 helmet
rElec    .         Reflect  .   (no cloak)
rCorr    .         Harm     .   k - +1 pair of gloves
MR       .....                  (no boots)
Stlth    ++........             (no amulet)
HPRegen  0.14/turn              (no ring)
MPRegen  0.11/turn              (no ring)

@: no status effects
A: distributed training, fangs 1, strong nose
a: no special abilities


You were on level 3 of the Dungeon.
You were not hungry.

You visited 1 branch of the dungeon, and saw 3 of its levels.

You collected 150 gold pieces.

Inventory:

Hand Weapons
 a - a +2 mace (weapon)
Armour
 d - a +0 robe (worn)
 k - a +1 pair of gloves (worn)
 m - a +0 ring mail
 r - a +0 helmet (worn)
Jewellery
 n - a +3 ring of strength {unknown}
 q - an uncursed ring of protection from fire {unknown}
Scrolls
 g - 3 scrolls of identify {unknown}
 j - a scroll of remove curse {unknown}
 l - a scroll of amnesia {unknown}
 p - a scroll of random uselessness {unknown}
 u - a scroll of magic mapping {unknown}
 w - a scroll of teleportation {unknown}
Potions
 e - a potion of might {unknown}
 h - a potion of degeneration {unknown}
 i - 2 potions of curing
 o - a potion of mutation {unknown}
 s - a potion of heal wounds {unknown}
 t - 2 potions of berserk rage {unknown}
 v - a potion of invisibility {unknown}
Books
 b - the Handbook of Evil Arts

   Spells                             Type                      Level
   a - Animate Skeleton               Necromancy                   1
   b - Regeneration                   Charms/Necromancy            3
 c - Sif Muna's Reference Book on Lightness

   Spells                             Type                      Level
   a - Shock                          Conjuration/Air              1
   b - Static Discharge               Conjuration/Air              3
Comestibles
 f - 3 rations


   Skills:
 + Level 4.7 Fighting
 + Level 1.3 Short Blades
 + Level 1.3 Long Blades
 + Level 1.3 Axes
 + Level 4.7 Maces & Flails
 + Level 1.3 Polearms
 + Level 1.3 Staves
 + Level 1.3 Slings
 + Level 1.3 Bows
 + Level 1.3 Crossbows
 + Level 2.9 Throwing
 + Level 2.9 Armour
 + Level 1.3 Dodging
 + Level 2.7 Stealth
 + Level 1.3 Shields
 + Level 1.3 Unarmed Combat
 + Level 3.1 Spellcasting
 + Level 1.1 Conjurations
 + Level 1.1 Hexes
 + Level 1.1 Charms
 + Level 1.1 Summonings
 + Level 1.1 Necromancy
 + Level 1.1 Translocations
 + Level 1.1 Transmutations
 + Level 1.1 Fire Magic
 + Level 1.1 Ice Magic
 + Level 3.9 Air Magic
 + Level 1.1 Earth Magic
 + Level 1.1 Poison Magic
 + Level 1.5 Invocations
 + Level 1.3 Evocations


You had 6 spell levels left.
You knew the following spells:

 Your Spells              Type           Power        Failure   Level  Hunger
a - Shock                 Conj/Air       ##..         6%          1    None
b - Regeneration          Chrm/Necr      #.........   32%         3    ###....


Dungeon Overview and Level Annotations

Branches:
Dungeon (3/15)

Altars:
Okawaru
Qazlal
Uskayaw
Wu Jian


Innate Abilities, Weirdness & Mutations

Your experience applies equally to all skills.
You have very sharp teeth.
Your uncanny sense of smell can sniff out nearby items.


Message History

You miss something. Something hits you but does no damage.
You hit something. Something hits you.
A hobgoblin comes into view. It is wielding a club.
You barely miss something. Something hits you but does no damage.
The hobgoblin moves out of view.
The hobgoblin hits you but does no damage.
Something hits you.
The hobgoblin shouts!
You sock something! The hobgoblin hits you with a club.
* * * LOW HITPOINT WARNING * * *
You hear some strange, mumbled words.
A magic dart appears from out of thin air!
The magic dart hits you!
* * * LOW HITPOINT WARNING * * *
It was a potion of curing.
You feel better. The hobgoblin hits you with a club.
* * * LOW HITPOINT WARNING * * *
You hear some strange, mumbled words.
A puff of flame appears from out of thin air!
The puff of flame hits you!
You die...

.## .. ♣ ..∆
♣♣o♣♣###.
#.o#....
.)...# .
#)†.##
S...#####†).#
#...g.g@)<#..#
########{## .#
#..# .. ##.?.
## ∆ #!.# ..#
.)# .#


You could see an adder (wandering) and 2 hobgoblins.

Vanquished Creatures
  An orc wizard (D:3)
  3 adders
  An ooze (D:2)
  A worm (D:2)
  4 dart slugs
  3 leopard geckos (D:1)
  2 orcs (D:3)
  6 bats
  6 goblins
  3 hobgoblins
  7 jackals (D:3)
  2 quokkas (D:2)
  3 frilled lizards
  6 kobolds
  2 rats
50 creatures vanquished.

Notes
Turn   | Place    | Note
-------+----------+-------------------------------------------
     0 | D:1      | xccam the Gnoll Wanderer began the quest for the Orb.
     0 | D:1      | xccam set off with: a +2 mace, the Handbook of Evil Arts, Sif Muna's Reference Book on Lightness, a +0 robe, a ration
     0 | D:1      | Reached XP level 1. HP: 20/20 MP: 4/4
   121 | D:1      | Reached XP level 2. HP: 22/26 MP: 5/5
   180 | D:1      | Identified the Handbook of Evil Arts
   180 | D:1      | Identified Sif Muna's Reference Book on Lightness
   182 | D:1      | Learned a level 1 spell: Shock
   443 | D:1      | Found an iron altar of Okawaru.
   873 | D:1      | You fall through a shaft!
   873 | D:2      | Found an ornate altar of the Wu Jian Council.
   874 | D:2      | Reached XP level 3. HP: 31/31 MP: 7/7
   934 | D:2      | Reached skill level 1 in Invocations
  1021 | D:2      | Found a hide-covered altar of Uskayaw.
  1233 | D:2      | Reached skill level 1 in Short Blades
  1233 | D:2      | Reached skill level 1 in Long Blades
  1233 | D:2      | Reached skill level 1 in Axes
  1233 | D:2      | Reached skill level 1 in Polearms
  1233 | D:2      | Reached skill level 1 in Staves
  1233 | D:2      | Reached skill level 1 in Slings
  1233 | D:2      | Reached skill level 1 in Bows
  1233 | D:2      | Reached skill level 1 in Crossbows
  1233 | D:2      | Reached skill level 1 in Dodging
  1233 | D:2      | Reached skill level 1 in Shields
  1233 | D:2      | Reached skill level 1 in Unarmed Combat
  1233 | D:2      | Reached skill level 1 in Evocations
  1252 | D:2      | Reached XP level 4. HP: 26/38 MP: 3/8
  1493 | D:2      | Learned a level 3 spell: Regeneration
  1528 | D:2      | Found a stormy altar of Qazlal.
  1782 | D:3      | Reached skill level 1 in Conjurations
  1782 | D:3      | Reached skill level 1 in Hexes
  1782 | D:3      | Reached skill level 1 in Charms
  1782 | D:3      | Reached skill level 1 in Summonings
  1782 | D:3      | Reached skill level 1 in Necromancy
  1782 | D:3      | Reached skill level 1 in Translocations
  1782 | D:3      | Reached skill level 1 in Transmutations
  1782 | D:3      | Reached skill level 1 in Fire Magic
  1782 | D:3      | Reached skill level 1 in Ice Magic
  1782 | D:3      | Reached skill level 1 in Earth Magic
  1782 | D:3      | Reached skill level 1 in Poison Magic
  1819 | D:3      | Reached XP level 5. HP: 18/43 MP: 3/9
  1824 | D:3      | Killed from afar by an orc wizard

Skill      XL: |  1  2  3  4 |
---------------+-------------+-----
Invocations    | 1 |  1.5
Short Blades   | 1 |  1.3
Long Blades    | 1 |  1.3
Axes           | 1 |  1.3
Polearms       | 1 |  1.3
Staves         | 1 |  1.3
Slings         | 1 |  1.3
Bows           | 1 |  1.3
Crossbows      | 1 |  1.3
Dodging        | 1 |  1.3
Shields        | 1 |  1.3
Unarmed Combat | 1 |  1.3
Evocations     | 1 |  1.3
Spellcasting   | 3 |  3.1
Conjurations   | 1 |  1.1
Hexes          | 1 |  1.1
Charms         | 1 |  1.1
Summonings     | 1 |  1.1
Necromancy     | 1 |  1.1
Translocations | 1 |  1.1
Transmutations | 1 |  1.1
Fire Magic     | 1 |  1.1
Ice Magic      | 1 |  1.1
Earth Magic    | 1 |  1.1
Poison Magic   | 1 |  1.1
Fighting       | |  4.7
Maces & Flails | |  4.7
Throwing       | |  2.9
Armour         | |  2.9
Stealth        | |  2.7
Air Magic      | |  3.9

Action                   |  1- 3 |  4- 6 || total
-------------------------+-------+-------++-------
Melee: Mace              |    80 |    43 ||   123
       Bite              |     5 |     4 ||     9
 Cast: Shock             |    24 |    14 ||    38
  Use: Potion            |       |     1 ||     1
 Stab: Sleeping          |     4 |       ||     4
  Eat: Chunk             |     1 |     2 ||     3
Armor: Robe              |    35 |    15 ||    50
Dodge: Dodged            |    58 |    20 ||    78
